 Dungeon Crawl Stone Soup version 0.21.1 (webtiles) character file.

3642 Fascinator the Skirmisher (level 9, -5/73 HPs)
             Began as a Mummy Fighter on Feb 4, 2018.
             Was a Follower of Okawaru.
             Slain by a death yak (16 damage)
             ... on level 6 of the Dungeon.
             The game lasted 00:27:29 (10273 turns).

Fascinator the Skirmisher (Mummy Fighter)          Turns: 10273, Time: 00:27:30

Health: -5/73      AC: 15    Str: 23    XL:     9   Next: 88%
Magic:  9/9        EV:  6    Int:  7    God:    Okawaru [*.....]
Gold:   280        SH: 10    Dex: 11    Spells: 8/8 levels left

rFire    x . .     SeeInvis .   r - +1 war axe (flame)
rCold    + . .     Gourm    .   c - +0 shield
rNeg     + + +     Faith    .   s - +0 chain mail
rPois    ∞         Spirit   .   m - +0 helmet
rElec    .         Reflect  .   k - +0 cloak
rCorr    .         Harm     .   e - +0 pair of gloves
MR       +....                  i - +0 pair of boots (curse)
Stlth    ..........             (no amulet)
HPRegen  0.22/turn              v - ring of flight
MPRegen  0.11/turn              (no ring)

@: no status effects
A: no food or potions, fire vulnerability, cold resistance 1, negative energy
resistance 3, torment resistance, unbreathing
a: Heroism, Renounce Religion, Evoke Flight


You were on level 6 of the Dungeon.
You worshipped Okawaru.
Okawaru was aware of your devotion.
You were not hungry.

You visited 2 branches of the dungeon, and saw 9 of its levels.

You collected 455 gold pieces.
You spent 175 gold pieces at shops.

Inventory:

Hand Weapons
 r - a +1 war axe of flaming (weapon)
Armour
 c - a +0 shield (worn)
 e - a +0 pair of gloves (worn)
 i - a cursed +0 pair of boots (worn)
 k - a +0 cloak (worn)
 m - a +0 helmet (worn)
 s - a +0 chain mail (worn)
Magical Staves
 x - an uncursed staff of air
Jewellery
 v - a ring of flight (left hand)
Wands
 l - a wand of polymorph (29)
 t - a wand of digging (13)
Scrolls
 a - a scroll of fear {unknown}
 b - 2 scrolls of fog {unknown}
 d - 5 scrolls of teleportation {unknown}
 f - 8 scrolls of identify {unknown}
 g - 2 scrolls of enchant weapon {unknown}
 h - 3 scrolls of blinking {unknown}
 j - 3 scrolls of remove curse {unknown}
 n - a scroll of magic mapping {unknown}
 o - 4 scrolls of immolation {unknown}
 p - a scroll of amnesia {unknown}
 q - a scroll of enchant armour {unknown}
 u - a scroll of random uselessness {unknown}
 w - a scroll of noise {unknown}


   Skills:
 + Level 7.7 Fighting
 + Level 6.1 Axes
   Level 0.0(3.6) Maces & Flails
 + Level 6.4 Armour
 + Level 6.4 Shields


You had 8 spell levels left.
You didn't know any spells.

Dungeon Overview and Level Annotations

Branches:
Dungeon (8/15)             Temple (1/1) D:7
   Lair: D:8-11

Altars:
Ashenzari
Cheibriados
Dithmenos
Elyvilon
Fedhas
Gozag
Hepliaklqana
Kikubaaqudgha
Makhleb
Nemelex Xobeh
Okawaru
Qazlal
Sif Muna
Trog
Uskayaw
Vehumet
Xom
Yredelemnul
Zin
The Shining One

Shops:
D:8 =

Annotations:
D:6 Prince Ribbit
D:8 Maurice


Innate Abilities, Weirdness & Mutations

You do not eat or drink.
Your flesh is vulnerable to fire.
You are immune to poison.
Your flesh is cold resistant. (rC+)
You are immune to negative energy. (rN+++)
You are immune to unholy pain and torment.
You can survive without breathing.


Message History

You hit the death yak but do no damage. The death yak gores you!
* * * LOW HITPOINT WARNING * * *
You block the scorpion's attack.
The death yak gores you but does no damage.
The scorpion stings you but does no damage.
You block the death yak's attack. The scorpion completely misses you.
There is an open door here.
You hit the scorpion but do no damage.
The scorpion is severely wounded.
There is an open door, spattered with blood here.
The death yak bellows!
You block the death yak's attack. The death yak gores you!!
* * * LOW HITPOINT WARNING * * *
There is an open door here.
The death yak snorts and paws the ground.
The death yak barely misses you. The death yak gores you!
You die...

#.....'......# #......##
#######......# ###'######
#......# #...# # #######......#
#.### # .......%.....#
#####'###### # .............#
#......)...###
............s#######......†....##
#######........................#.
#####...YY@..............##
#......................
##########..........###
#..........### #.............
#............. #..#######....
############## #$$$#


You could see 2 death yaks and a scorpion.

Vanquished Creatures
  An ugly thing (D:7)
  A hippogriff (D:7)
  Sigmund (D:5)
  A yak (D:8)
  Eustachio (D:6)
  A hungry ghost (D:7)
  Edmund (D:4)
  2 ice beasts
  2 sky beasts
  A necrophage (D:6)
  4 centaurs
  2 ogres
  A crocodile (D:7)
  3 bullfrogs
  3 scorpions
  3 howler monkeys (D:8)
  4 crimson imps
  The ghost of Noxor the Digger, a weakling DEEE of Hepliaklqana (D:3)
  A jelly (D:6)
  A quasit (D:8)
  Crazy Yiuf (D:6)
  2 orc priests
  4 orc wizards
  2 bullfrog skeletons
  Natasha (D:3)
  An iguana (D:7)
  3 worker ants
  Robin (D:2)
  9 adders
  8 gnolls
  A shadow imp (D:5)
  An adder skeleton (D:6)
  4 worms
  3 dart slugs
  8 leopard geckos
  16 orcs
  6 giant cockroaches
  14 goblins
  13 hobgoblins
  7 jackals
  A quokka (D:2)
  4 bats
  8 frilled lizards
  A jackal skeleton (D:7)
  3 kobolds
  A leopard gecko skeleton (D:5)
  A quokka skeleton (D:8)
  11 rats
170 creatures vanquished.

Notes
Turn   | Place    | Note
-------+----------+-------------------------------------------
     0 | D:1      | Fascinator the Mummy Fighter began the quest for the Orb.
     0 | D:1      | Reached XP level 1. HP: 18/18 MP: 1/1
    70 | D:1      | Reached XP level 2. HP: 18/24 MP: 2/2
   684 | D:1      | Reached XP level 3. HP: 19/29 MP: 3/3
  1263 | D:2      | Found a shimmering altar of Xom.
  1363 | D:2      | Reached XP level 4. HP: 16/35 MP: 4/4
  1593 | D:2      | Found a bloodstained altar of Trog.
  1860 | D:2      | Found a blossoming altar of Fedhas.
  1881 | D:2      | Noticed Robin
  2089 | D:2      | Killed Robin
  2478 | D:3      | Reached XP level 5. HP: 41/42 MP: 5/5
  2528 | D:3      | Noticed Noxor's ghost (weakling DEEE)
  2553 | D:3      | Killed Noxor's ghost
  2553 | D:3      | Reached skill level 4 in Fighting
  2556 | D:3      | Noticed Natasha
  2821 | D:3      | Killed Natasha
  2870 | D:3      | Found a faded altar of an unknown god.
  3414 | D:4      | Found a glowing golden altar of the Shining One.
  3510 | D:4      | Noticed Edmund
  3529 | D:4      | Killed Edmund
  3529 | D:4      | Reached XP level 6. HP: 25/49 MP: 6/6
  4044 | D:4      | Found a sparkling altar of Nemelex Xobeh.
  4044 | D:4      | Found a snail-covered altar of Cheibriados.
  4045 | D:4      | Found a hazy altar of Hepliaklqana.
  4335 | D:4      | Found a basalt altar of Yredelemnul.
  4386 | D:5      | Entered Level 5 of the Dungeon
  4563 | D:5      | Reached XP level 7. HP: 48/55 MP: 7/7
  4698 | D:5      | Reached skill level 5 in Fighting
  5089 | D:5      | Found a shattered altar of Ashenzari.
  5248 | D:5      | Found a snail-covered altar of Cheibriados.
  5397 | D:5      | Noticed Sigmund
  5408 | D:5      | Killed Sigmund
  5408 | D:5      | Reached XP level 8. HP: 37/63 MP: 8/8
  5802 | D:6      | Noticed Prince Ribbit
  6067 | D:6      | Found a glowing silver altar of Zin.
  6274 | D:6      | Reached skill level 6 in Fighting
  6283 | D:6      | Noticed Eustachio
  6289 | D:6      | Reached skill level 5 in Armour
  6289 | D:6      | Reached skill level 5 in Shields
  6292 | D:6      | Killed Eustachio
  6707 | D:6      | Found a runed door.
  6711 | D:6      | Noticed Crazy Yiuf
  6721 | D:6      | Killed Crazy Yiuf
  6841 | D:7      | Reached skill level 5 in Axes
  7015 | D:7      | Found a staircase to the Ecumenical Temple.
  7024 | Temple   | Entered the Ecumenical Temple
  7064 | Temple   | Became a worshipper of Warmaster Okawaru
  7126 | D:7      | Reached XP level 9. HP: 56/71 MP: 9/9
  7986 | D:8      | Found a white marble altar of Elyvilon.
  8052 | D:8      | Noticed a death yak
  8094 | D:8      | Noticed a death yak
  8103 | D:8      | Reached skill level 7 in Fighting
  8149 | D:8      | Noticed a death yak
  8149 | D:8      | Noticed a death yak
  8897 | D:8      | Found Tetivod's Jewellery Emporium.
  8900 | D:8      | Bought an uncursed ring of flight for 175 gold pieces
  8908 | D:8      | Noticed a purple ugly thing
  8915 | D:8      | Noticed Maurice
  9004 | D:7      | Killed a purple ugly thing
  9308 | D:8      | Reached * piety under Okawaru
  9459 | D:8      | Noticed a two-headed ogre
  9719 | D:6      | HP: 1/73 [death yak (13)]
 10231 | D:6      | HP: 2/73 [death yak (19)]
 10273 | D:6      | Slain by a death yak

Skill      XL: |  1  2  3  4  5  6  7  8  9 |
---------------+----------------------------+-----
Axes           | 2 3 4 5 6 |  6.1
Armour         | 3 4 5 6 |  6.4
Shields        | 3 4 5 6 |  6.4
Fighting       | 4 5 6 7 |  7.7

Action                   |  1- 3 |  4- 6 |  7- 9 || total
-------------------------+-------+-------+-------++-------
Melee: War axe           |    65 |   313 |   408 ||   786
Armor: Scale mail        |    35 |   175 |    93 ||   303
       Chain mail        |       |       |   162 ||   162
Dodge: Dodged            |    34 |   100 |    88 ||   222
Block: Shield            |    41 |   172 |   217 ||   430
